Map: Ruins of Seras

Players

Fullmetal

  • Race: Terran Terran
  • League: Master

aconcises - Winner!

  • Race: Terran Terran
  • League: Platinum

VOD

Have the link to the VOD?

Description

Time

  • Played on: Nov. 16, 2015, 2:43 a.m.
  • Length: 6:36
Show
View Real Time Build Order
Export as new Build Order

Fullmetal Terran 

Build Orders: 1/1/1, Banshee Rush 

Get SALT Encoding   

  12  0:01  SCV  
  13  0:13  SCV  
  14  0:18  Supply Depot  
  14  0:25  SCV  
  15  0:29  Refinery  
  15  0:40  SCV  
  16  0:46  Barracks  
  16  0:52  SCV  
  17  1:04  SCV  
  18  1:16  SCV  
  19  1:20  Refinery  
  19  1:32  Orbital Command  
  19  1:35  Factory  
  19  1:47  Reaper  
  20  1:58  SCV  
  21  2:07  Supply Depot  
  21  2:10  SCV  
  22  2:20  Starport  
  22  2:21  Barracks Tech Lab  
  22  2:25  SCV  
  22  2:29  Hellion  
  25  2:42  SCV  
  26  2:49  Supply Depot  
  26  2:50  Hellion  
  28  2:54  SCV  
  29  3:00  Reaper  
  29  3:05  Cloaking Field  
  30  3:08  SCV  
  30  3:10  Banshee  
  34  3:14  Supply Depot  
  34  3:17  Hellion  
  36  3:23  SCV  
  37  3:37  SCV  
  39  3:41  Factory Tech Lab  
  39  3:47  Command Center  
  39  3:50  SCV  
  39  3:54  Barracks Tech Lab  
  39  3:57  Banshee  
  39  4:02  SCV  
  40  4:21  SCV  
  40  4:22  Marine  
  40  4:23  Siege Tank, Stimpack  
  41  4:43  Engineering Bay  
  41  4:44  Marine  
  39  4:45  Viking  
  30  5:01  Orbital Command  
  18  5:23  SCV, Marine  
  17  5:30  SCV  
  14  5:45  SCV  
  14  5:47  SCV  
  13  5:57  Marine  
  13  5:58  SCV  
  13  5:59  SCV  
  19  6:14  SCV x2  
  19  6:16  Marine  
  22  6:32  Barracks  
Show
View Real Time Build Order
Export as new Build Order

aconcises Terran - Winner!

Build Orders: 1/1/1, Banshee Rush 

Get SALT Encoding   

  12  0:01  SCV  
  13  0:13  SCV  
  14  0:18  Supply Depot  
  14  0:25  SCV  
  15  0:28  Refinery  
  15  0:40  SCV  
  16  0:49  Barracks  
  16  0:52  SCV  
  17  1:04  SCV  
  18  1:16  SCV  
  19  1:28  SCV  
  20  1:37  Marine  
  20  1:38  Factory  
  21  1:40  Orbital Command  
  21  1:45  Supply Depot  
  21  1:55  Marine  
  21  2:00  Refinery  
  22  2:06  SCV  
  23  2:13  Marine  
  24  2:18  SCV  
  25  2:22  Starport  
  25  2:29  Hellion  
  27  2:30  SCV  
  28  2:37  Barracks Tech Lab  
  28  2:42  Supply Depot, SCV  
  28  2:54  SCV  
  29  3:05  Banshee, Cloaking Field  
  29  3:06  SCV  
  29  3:08  Factory Reactor  
  29  3:10  Supply Depot  
  33  3:13  Marine  
  33  3:19  SCV  
  35  3:31  SCV  
  36  3:38  Supply Depot  
  36  3:43  SCV  
  33  3:48  Viking  
  37  3:50  Marine x2  
  37  3:53  Widow Mine  
  37  3:55  SCV  
  44  4:07  SCV  
  38  4:18  Raven, Marine x2  
  42  4:24  SCV  
  42  4:37  SCV  
  42  4:38  Marine x2  
  35  4:58  SCV  
  37  5:10  SCV  
  37  5:13  Banshee  
  39  5:22  SCV  
  39  5:23  Command Center, Supply Depot  
  40  5:34  SCV  
  37  5:39  Marine x2  
  37  5:46  SCV  
  37  5:48  Factory Tech Lab  
  38  5:57  Marine x2  
  38  5:58  SCV  
  38  6:03  Command Center  
  41  6:10  SCV  
  45  6:16  Marine  
  45  6:17  Marine  
  47  6:23  SCV  
Tags
 
Add a new tag
Caveats
  • Supply blocks, unpowered buildings, or Contaminate may cause inaccurate times.
  • Supply counts are checked every 10 seconds.